 Dungeon Crawl Stone Soup version 0.16.1-18-g436b03c (webtiles) character file.

166 misterX the Sneak (level 5, -4/26 HPs)
             Began as a Spriggan Assassin on Apr 30, 2015.
             Killed by nerve-wracking pain
             ... invoked by an orc priest
              (6 damage)
             ... on level 3 of the Dungeon.
             The game lasted 00:25:54 (7262 turns).

misterX the Sneak (Spriggan Assassin)               Turns: 7262, Time: 00:25:54

Health: -4/26      AC:  3    Str:  7    XL:     5   Next: 22%
Magic:  10/10      EV: 20    Int: 12    God:
Gold:   54         SH:  0    Dex: 19    Spells: 0 memorised, 4 levels left

rFire  . . .     SeeInvis +     a - +2 dagger
rCold  . . .     Clarity  .     k - +0 robe
rNeg   + . .     SustAb   .     (shield restricted)
rPois  .         Gourm    .     (helmet restricted)
rElec  .         Spirit   .     d - +0 cloak
rCorr  .         Warding  .     (gloves unavailable)
rMut   .         Stasis   .     (boots unavailable)
MR     .....                    (no amulet)
Stlth  ++++......               (no ring)
                                m - ring of positive energy

@: very slightly contaminated, invisible, very quick, not resistant to hostile
enchantments, stealthy
A: unfitting armour, see invisible, herbivore 3, speed 3, slow metabolism 2
a: no special abilities


You were on level 3 of the Dungeon.
You were not hungry.

You visited 1 branch of the dungeon, and saw 3 of its levels.

You collected 54 gold pieces.

Inventory:

Hand weapons
 a - a +2 dagger (weapon)
 b - a +0 blowgun
 i - a +0 short sword
 l - a +0 dagger
 n - a +2 antimagic dagger
 v - a cursed -2 mace
 x - a +0 dagger
Missiles
 e - 8 poisoned needles
 f - 2 curare-tipped needles
Armour
 c - a +0 robe
 d - a +0 cloak (worn)
 k - a +0 robe (worn)
 o - a +1 hat
 w - a +0 pair of gloves
Jewellery
 m - a ring of positive energy (left hand)
 u - an uncursed ring of stealth {unknown}
Scrolls
 p - a scroll of remove curse {unknown}
 q - 2 scrolls of identify {unknown}
 s - 2 scrolls of enchant armour {unknown}
 t - a scroll of teleportation {unknown}
Potions
 j - a potion of haste {unknown}
 r - a potion of restore abilities {unknown}
Comestibles
 g - 2 bread rations


   Skills:
 + Level 1.7 Fighting
 + Level 3.1 Short Blades
 + Level 2.5 Throwing
 + Level 4.4 Dodging
 + Level 7.7 Stealth


You had 4 spell levels left.
You didn't know any spells.

Dungeon Overview and Level Annotations

Branches:
Dungeon (3/15)

Altars:


Innate Abilities, Weirdness & Mutations

You are tiny and cannot use many weapons and most armour.
You have supernaturally acute eyesight.
You are a herbivore.
You cover ground extremely quickly.
You need consume almost no food.


Message History

An orc priest is nearby!
An orc priest is nearby!
An orc priest is nearby!
You hit the orc priest.
The orc priest is lightly wounded.
The orc priest calls down the wrath of Beogh upon you.
Pain shoots through your body!
* * * LOW HITPOINT WARNING * * *
The orc priest invokes the aid of Beogh against something.
You see here a scroll labeled HESAHI NYSHAFIHU.
You see here a bread ration.
You see here a bread ration.
g - 2 bread rations (gained 1)
You see here a scroll labeled HESAHI NYSHAFIHU.
q - 2 scrolls labeled HESAHI NYSHAFIHU (gained 1)
You hit the orc priest.
The orc priest is heavily wounded.
The orc priest calls down the wrath of Beogh upon you.
Pain shoots through your body!
You die...

##.## ... #.# #.# #.####
#....# #....+ #######...#
.....?..@o### ####
............# ..#
.........##.# #.#
.........##.# ###.#####+#
.........##.# #...>......
.........##<#+#(.........
########.................
#....))...........
##......#######..#


You could see an orc priest.

Vanquished Creatures
  6 adders (D:2)
  A giant mite (D:2)
  5 worms (D:2)
  3 giant geckos
  3 oozes
  4 orcs (D:3)
  A ball python (D:1)
  2 giant cockroaches (D:1)
  8 hobgoblins
  A quokka (D:2)
  10 bats
  5 giant newts
  6 goblins
  4 kobolds
  7 rats (D:1)
66 creatures vanquished.

Notes
Turn   | Place    | Note
--------------------------------------------------------------
     0 | D:1      | misterX, the Spriggan Assassin, began the quest for the Orb.
     0 | D:1      | Reached XP level 1. HP: 10/10 MP: 2/2
   269 | D:1      | Reached skill level 6 in Stealth
   527 | D:1      | Reached XP level 2. HP: 14/14 MP: 4/4
  2365 | D:2      | Reached skill level 7 in Stealth
  2365 | D:2      | Reached XP level 3. HP: 5/18 MP: 6/6
  3154 | D:2      | Reached XP level 4. HP: 12/22 MP: 8/8
  5907 | D:2      | Reached XP level 5. HP: 21/26 MP: 10/10
  6593 | D:2      | HP: 1/26 [worm (11)]
  7241 | D:3      | HP: 1/26 [orc priest/nerve-wracking pain (7)]
  7262 | D:3      | Killed from afar by an orc priest

Action                   |  1- 3 |  4- 6 || total
-------------------------+-------+-------++-------
Melee: Dagger            |   116 |   202 ||   318
 Fire: Blowgun           |     4 |       ||     4
  Use: Potion            |     3 |     1 ||     4
 Stab: Sleeping          |     9 |     5 ||    14
       Distracted        |     1 |     1 ||     2
  Eat: Bread ration      |       |     1 ||     1
